 Dungeon Crawl Stone Soup version 0.32-a0-407-g4da7c8d6d1 (webtiles) character file.

Game seed: 1461965596906162526

2055 Alarak the Fighter (level 9, -2/74 HPs)
             Began as a Coglin Gladiator on Feb 21, 2024.
             Was a Follower of Makhleb.
             Succumbed to a gnoll's poison
             ... on level 7 of the Dungeon.
             The game lasted 00:19:36 (5474 turns).

Alarak the Fighter (Coglin Gladiator)               Turns: 5474, Time: 00:19:37

Health: -2/74      AC: 28    Str: 20    XL:     9   Next: 25%
Magic:  9/9        EV:  7    Int:  7    God:    Makhleb [*.....]
Gold:   362        SH:  0    Dex: 15    Spells: 8/8 levels left

rFire   . . .        y - +2 dagger (venom) {Mira}
rCold   . . .        l - +2 short sword (protect) {Gisele}
rNeg    + . .        G - +0 plate armour
rPois   .            c - +0 helmet
rElec   .            E - +0 cloak
rCorr   .            (no gloves)
SInv    .            x - +1 pair of boots
Will    .....        (no amulet) Stlth
                     B - +4 ring of protection
HPRegen 0.32/turn    H - ring of positive energy
MPRegen 0.11/turn

%: no passive effects
@: lethally poisoned (-2 -> -35), weakened, under a protective aura, immotile,
revved
A: off-hand wielding, slow wielding, warmup strikes, legs shutdown
a: Renounce Religion


You were on level 7 of the Dungeon.
You worshipped Makhleb.
Makhleb was aware of your devotion.
You visited 1 branch of the dungeon, and saw 7 of its levels.

You collected 362 gold pieces.

Inventory:

Hand Weapons
 a - a +0 long sword {Ning}
 l - a +2 short sword of protection (offhand) {Gisele}
 y - a +2 dagger of venom (weapon) {Mira}
 J - a +4 morningstar
Missiles
 d - 3 throwing nets (quivered)
 e - a javelin
Armour
 b - a +0 leather armour
 c - a +0 helmet (worn)
 f - a +0 chain mail
 x - a +1 pair of boots (worn)
 E - a +0 cloak (worn)
 G - a +0 plate armour (worn)
Jewellery
 B - a +4 ring of protection (left grasper)
 C - a +6 ring of intelligence
 H - a ring of positive energy (right grasper)
Wands
 t - a wand of charming (17)
 K - a wand of roots (13)
 L - a wand of mindburst (17)
Scrolls
 g - a scroll of silence {unknown}
 h - 5 scrolls of identify {unknown}
 i - 3 scrolls of teleportation {unknown}
 j - 2 scrolls of revelation {unknown}
 m - 2 scrolls of vulnerability {unknown}
 o - a scroll of enchant armour {unknown}
 r - 2 scrolls of poison {unknown}
 s - a scroll of enchant weapon {unknown}
 z - a scroll of brand weapon {unknown}
Potions
 k - a potion of lignification {unknown}
 n - 3 potions of might {unknown}
 p - 3 potions of ambrosia {unknown}
 q - 2 potions of haste {unknown}
 u - 2 potions of degeneration {unknown}
 v - 2 potions of brilliance {unknown}
 w - 3 potions of curing {unknown}
 A - a potion of invisibility {unknown}
 D - a potion of resistance {unknown}
 F - 2 potions of heal wounds {unknown}
 I - 3 potions of berserk rage {unknown}
 M - 2 potions of magic {unknown}


   Skills:
 + Level 8.0 Fighting
 - Level 6.4 Long Blades
 - Level 1.7 Throwing
 - Level 6.1 Armour
 - Level 2.7 Dodging


You had 8 spell levels left.
You didn't know any spells.
Your spell library contained the following spells:

 Spells                   Type           Power      Damage    Failure   Level
 Shock                    Conj/Air       0%         1d3       100%        1
 Hailstorm                Conj/Ice       0%         3d5       100%        3
 Summon Ice Beast         Ice/Summ       0%         N/A       100%        3
 Swiftness                Air            0%         N/A       100%        3
 Airstrike                Air            0%         2d(0-16)  100%        4
 Summon Blazeheart Golem  Fire/Summ      0%         N/A       100%        4
 Vhi's Electric Charge    Tloc/Air       0%         N/A       100%        4
 Arcjolt                  Conj/Air       0%         1d10      100%        5
 Sculpt Simulacrum        Ice/Alch       0%         N/A       100%        6
 Orb of Destruction       Conj           0%         9d5       100%        7
 Spellforged Servitor     Conj/Summ      0%         N/A       100%        7
 Maxwell's Capacitive Co  Air            0%         ∞         100%        8
 Chain Lightning          Conj/Air       0%         N/A       100%        9
 Fire Storm               Conj/Fire      0%         5d1       100%        9
 Shatter                  Erth           0%         3d5*      100%        9


Dungeon Overview and Level Annotations

Branches:
Dungeon (7/15)             Temple (0/1) D:6

Altars:
Makhleb
Okawaru
Ru
Uskayaw


Innate Abilities, Weirdness & Mutations

You can wield a second weapon in your off-hand.
It takes a long time for you to wield or remove held weapons.
Your first few attacks do less damage.
Attacking and casting redirects power from your legs.


Message History

Press: ? - help, Dir - move target You hit something with your +2 short sword of protection.
You miss something with your +2 dagger of venom.
* * * LOW HITPOINT WARNING * * *
You feel very sick. The gnoll bouda closely misses you.
Something hits you but does no damage. The gnoll hits you but does no damage.
You are more poisoned.
Hit: y) +2 dagger (venom) {Mira}
Press: ? - help, Dir - move target You hit something with your +2 short sword of protection.
You miss something with your +2 dagger of venom.
* * * LOW HITPOINT WARNING * * *
You feel very sick.
The gnoll bouda prays to its god.
The gnoll bouda is healed somewhat.
Something hits you but does no damage.
Hit: y) +2 dagger (venom) {Mira}
Press: ? - help, Dir - move target, f - gnoll bouda
Aim: a gnoll bouda, wielding a +0 whip and wearing a +0 robe (heavily wounded, extremely poisoned, about 27% to evade your +2 dagger of venom)
You barely miss the gnoll bouda with your +2 dagger of venom.
The gnoll bouda is heavily wounded.
You barely miss the gnoll bouda with your +2 short sword of protection.
* * * LOW HITPOINT WARNING * * *
You feel very sick. The gnoll hits you but does no damage.
You are more poisoned.
You barely miss the gnoll bouda with your +2 dagger of venom.
The gnoll bouda is severely wounded.
You hit the gnoll bouda with your +2 short sword of protection.
* * * LOW HITPOINT WARNING * * *
You feel extremely sick. The gnoll bouda completely misses you.
Something hits you but does no damage. The gnoll hits you but does no damage.
You are more poisoned.
You hit the gnoll bouda with your +2 short sword of protection.
The gnoll bouda is almost dead.
You hit the gnoll bouda with your +2 dagger of venom.
You kill the gnoll bouda!
Makhleb accepts your kill.
You die...

#########...
........#..#
#........
########.#..#
.........
.......#.#..#
#.......!
.........#..#
#........
######.###..#
#........
......<.....#
#.g......
.##########.#
#{)...... #.#
#@# #.# #.#
#.####.#
#......#
########


You could see a gnoll (swift).

Vanquished Creatures
  Prince Ribbit (D:6)
  2 ice beasts (D:5)
  2 black bears (D:6)
  2 ogres (D:5)
  A centaur (D:3)
  A phantom (D:5)
  A bullfrog (D:6)
  2 scorpions (D:5)
  4 wights (D:6)
  A bombardier beetle (D:4)
  A hound (D:5)
  A gnoll bouda (D:7)
  3 orc priests
  Natasha (twice) (D:3)
  2 iguanas
  Ijyb (D:3)
  3 orc wizards
  5 gnolls
  11 adders
  6 river rats (D:6)
  3 white imps
  4 ufetubi
  2 ribbon worms (D:6)
  7 orcs
  6 ball pythons
  6 bats
  7 endoplasms
  4 giant cockroaches
  6 goblins
  9 hobgoblins
  14 jackals
  10 kobolds
  3 quokkas
  A frilled lizard (D:2)
  4 rats
138 creatures vanquished.

Notes
Turn   | Place    | Note
-------+----------+-------------------------------------------
     0 | D:1      | Alarak the Coglin Gladiator began the quest for the Orb.
     0 | D:1      | Reached XP level 1. HP: 16/16 MP: 1/1
    74 | D:1      | Reached XP level 2. HP: 10/23 MP: 2/2
   250 | D:1      | Reached skill level 3 in Fighting
   351 | D:1      | Reached XP level 3. HP: 29/29 MP: 3/3
   808 | D:2      | Reached skill level 4 in Fighting
   811 | D:2      | Reached XP level 4. HP: 35/37 MP: 4/4
   946 | D:2      | Found a faded altar of an unknown god.
  1300 | D:3      | Reached XP level 5. HP: 37/42 MP: 5/5
  1367 | D:3      | Noticed a centaur
  1376 | D:3      | Killed a centaur
  1377 | D:3      | Reached skill level 5 in Long Blades
  1450 | D:3      | Reached XP level 6. HP: 46/48 MP: 6/6
  1611 | D:3      | Noticed Ijyb
  1622 | D:3      | Killed Ijyb
  1791 | D:3      | Found a burning altar of Makhleb.
  2024 | D:3      | Noticed Natasha
  2031 | D:3      | Killed Natasha
  2320 | D:4      | Found a hide-covered altar of Uskayaw.
  3229 | D:2      | Prayed at the altar of an unknown god.
  3229 | D:2      | Became a worshipper of Ru the Awakened
  3230 | D:2      | Fell from the grace of Ru
  3292 | D:3      | Noticed Natasha
  3299 | D:3      | Killed Natasha
  3300 | D:3      | Reached XP level 7. HP: 50/55 MP: 7/7
  3305 | D:3      | Became a worshipper of Makhleb the Destroyer
  3342 | D:5      | Entered Level 5 of the Dungeon
  3360 | D:5      | Found an iron altar of Okawaru.
  3484 | D:5      | Reached skill level 5 in Fighting
  3577 | D:5      | Reached skill level 6 in Fighting
  3618 | D:5      | Reached skill level 1 in Armour
  3655 | D:5      | Reached XP level 8. HP: 35/64 MP: 8/8
  4332 | D:6      | Reached skill level 5 in Armour
  4525 | D:6      | Found a staircase to the Ecumenical Temple.
  4634 | D:6      | Reached * piety under Makhleb
  4797 | D:6      | Reached XP level 9. HP: 71/71 MP: 9/9
  4951 | D:6      | Noticed Prince Ribbit
  4958 | D:6      | Killed Prince Ribbit
  4959 | D:6      | Reached skill level 7 in Fighting
  5452 | D:7      | Reached skill level 8 in Fighting
  5474 | D:7      | Succumbed to a gnoll's poison

Illustrated notes

Levels and vault maps discovered:
D:1:      matt_arrival_refuge, layout_basic, minmay_misc_feat_enclosed
D:2:      layout_rooms, hellmonk_ecumenical_altar_prayer_group,
          nicolae_concentric_dashed_squares_wild
D:3:      layout_loops_cross, mainiacjoe_overflow_alcove_1, chequers_big_river,
          uniq_natasha, uniq_ijyb
D:4:      layout_basic, nicolae_uskayaw_dance_hall
D:5:      layout_loops_ring, okawaru_trees_1, minmay_holes
D:6:      layout_basic, minmay_temple_entry_drinking_statues,
          lightli_sewer_entry_pipes, uniq_prince_ribbit1
D:7:      lemuel_ice_spiral_2, layout_basic, nicolae_ru_the_path_less_chosen,
          mainiacjoe_overflow_alcove_2, grunt_temple_overflow_open, uniq_joseph

Skill      XL: |  1  2  3  4  5  6  7  8  9 |
---------------+----------------------------+-----
Fighting       | 3 4 6 8 |  8.0
Long Blades    | 4 5 6 |  6.4
Armour         | 3 6 |  6.1
Throwing       | |  1.7
Dodging        | |  2.7

Action                     |  1- 3 |  4- 6 |  7- 9 || total
---------------------------+-------+-------+-------++-------
  Melee: Long sword        |    78 |    97 |       ||   175
         Short sword       |    11 |   102 |   283 ||   396
         Dagger            |     3 |    15 |   278 ||   296
 Invoke: Renounce Religion |       |     1 |       ||     1
 Armour: Leather armour    |     8 |       |       ||     8
         Chain mail        |    82 |   100 |    66 ||   248
         Plate armour      |       |       |   205 ||   205
  Dodge: Dodged            |    43 |    45 |    99 ||   187

Table legend: (Time is in decaauts)
 A = Elapsed time spent in this place.
 B = Non-inter-level travel time spent in this place.
 C = Inter-level travel time spent in this place.
 D = Time resting spent in this place.
 E = Time spent auto-exploring this place.
 F = Levels seen in this place.
 G = Mean time per level.
                   A        B        C        D        E       F      G
               +--------+--------+--------+--------+--------+-----+--------+
         Total |   5479 |   5111 |    368 |    250 |   3930 |   7 |  782.7 |
       Dungeon |   5479 |   5111 |    368 |    250 |   3930 |   7 |  782.7 |
               +--------+--------+--------+--------+--------+-----+--------+

Top non-repeatable levels by time:
     D:6: 1098 daAuts
     D:3: 1081 daAuts
     D:4: 942 daAuts
     D:5: 930 daAuts
     D:1: 792 daAuts
     D:2: 562 daAuts
     D:7: 72 daAuts
